 Dungeon Crawl Stone Soup version 0.22.1-2-g9c5b331383 (console) character file.

3264 Kloppie the Basher (level 9, -12/97 HPs)
             Began as a Troll Berserker on Dec 18, 2018.
             Was an Elder of Trog.
             Hit by a large rock thrown by a cyclops (25 damage)
             ... on level 7 of the Dungeon.
             The game lasted 00:12:48 (5671 turns).

Kloppie the Basher (Troll Berserker)                Turns: 5671, Time: 00:12:48

Health: -12/97     AC:  8    Str: 27    XL:     9   Next: 68%
Magic:  8/8        EV: 10    Int:  3    God:    Trog [****..]
Gold:   312        SH:  0    Dex: 12    Spells: 8/8 levels left

rFire    . . .     SeeInvis .   a - +2 flail
rCold    . . .     Gourm    +   (no shield)
rNeg     . . .     Faith    .   b - +1 animal skin
rPois    .         Spirit   .   (helmet restricted)
rElec    .         Reflect  .   (no cloak)
rCorr    +         Harm     .   (gloves unavailable)
MR       .....                  (boots unavailable)
Stlth    +.........             j - amulet of magic regeneration
HPRegen  0.66/turn              g - +2 ring of protection
MPRegen  0.36/turn              d - ring of resist corrosion

@: lethally poisoned (-12 -> -12)
A: large, unfitting armour, claws 3, fast metabolism 3, gourmand, regeneration
1, shaggy fur 1, tough skin 2
a: Berserk, Trog's Hand, Brothers in Arms, Renounce Religion


You were on level 7 of the Dungeon.
You worshipped Trog.
Trog was greatly pleased with you.
You were completely stuffed.

You visited 1 branch of the dungeon, and saw 7 of its levels.
You also visited: Ossuary.

You collected 312 gold pieces.

Inventory:

Hand Weapons
 a - a +2 flail (weapon)
 u - a +0 mace
Armour
 b - a +1 animal skin (worn)
Jewellery
 d - a ring of resist corrosion (right claw)
 g - a +2 ring of protection (left claw)
 j - an amulet of magic regeneration (around neck)
 v - an uncursed ring of fire
 B - an uncursed ring of magical power
Scrolls
 f - 3 scrolls of teleportation
 i - 2 scrolls of magic mapping
 m - 3 scrolls of remove curse
 n - 2 scrolls of immolation
 o - 2 scrolls of fear
 q - 2 scrolls of identify
 s - 2 scrolls of enchant weapon
 x - 4 scrolls of blinking
Potions
 e - 2 potions of curing
 h - a potion of haste
 k - a potion of flight
 l - a potion of brilliance
 p - 2 potions of invisibility
 r - 2 potions of agility
 t - 3 potions of heal wounds
 w - 2 potions of magic
 z - a potion of berserk rage
 A - a potion of lignification
Comestibles
 c - 13 rations
 C - a chunk of flesh


   Skills:
 + Level 8.6 Fighting
 + Level 9.3 Maces & Flails
 - Level 2.4 Dodging


You had 8 spell levels left.
You didn't know any spells.
Your spell library was empty.

Dungeon Overview and Level Annotations

Branches:
Dungeon (7/15)             Temple (0/1) D:4

Altars:
Cheibriados
Hepliaklqana
Kikubaaqudgha
Makhleb
Okawaru
Xom

Shops:
D:6 [


Innate Abilities, Weirdness & Mutations

You are too large for most types of armour.
You have claws for hands.
Your metabolism is lightning-fast.
You like to eat raw meat.
Your natural rate of healing is unusually fast.
You are covered in fur. (AC +1)
You have very tough skin. (AC +2)


Message History

The hellwing hits you.
* * * LOW HITPOINT WARNING * * *
The cyclops throws a large rock.
The large rock hits you!
* * * LOW HITPOINT WARNING * * *
You see here an arrow.
You feel sick.
The centaur shoots an arrow.
The arrow closely misses you.
A leopard gecko comes into view.
The orc throws a tomahawk.
The tomahawk hits you but does no damage.
The adder bites you but does no damage.
You see here a tomahawk.
The crimson imp shouts!
The leopard gecko hisses angrily.
The centaur shoots an arrow.
The arrow hits you but does no damage.
The hellwing swoops through the air toward you!
The hellwing hits you!
* * * LOW HITPOINT WARNING * * *
The hellwing hits you.
* * * LOW HITPOINT WARNING * * *
The cyclops throws a large rock.
The large rock hits you!!
You die...

.... #........# # ....
#........# .##. .....
####.....###....
#...###....(#......##
#.......###..%.....
#.#o...## #...5...#
#.#(...####.5....## #
#.#..#..55........#
#..###..(c..(#######....
#..l.........# .###
#......@(S(#....... .S
.....<4..Z.######## .
#...5....C.#
#....(.....#
##.###.....(. #.
#.#...#.. . #.##.....#
.. #.....#


You could see a cyclops, a hellwing, a centaur, a crimson imp, an adder, 2
shadow imps, an orc, a redback zombie and a leopard gecko.

Vanquished Creatures
  2 centaur skeletons (D:7)
  A hellwing (D:6)
  A black bear (D:6)
  An ice beast (D:5)
  2 ogres
  A phantom (D:6)
  2 centaurs
  A bullfrog (D:6)
  11 scorpions
  5 howler monkeys
  A crimson imp (D:5)
  5 hounds
  A centaur zombie (Ossuary)
  2 human zombies (Ossuary)
  2 jellies
  4 orc priests
  A bullfrog skeleton (D:5)
  Natasha (twice) (D:2)
  4 orc wizards
  2 worker ants
  2 big kobold zombies (Ossuary)
  A hound skeleton (D:6)
  3 mummies (Ossuary)
  A worker ant zombie (D:3)
  4 gnolls (D:2)
  2 scorpion zombies (Ossuary)
  3 adders
  A shadow imp (D:5)
  An ooze (D:4)
  3 adder zombies
  An adder skeleton (D:4)
  6 worms
  A dart slug (D:1)
  5 leopard geckos
  34 orcs
  A ball python (D:6)
  11 bats
  8 giant cockroaches
  9 hobgoblins
  8 jackals
  2 quokkas
  4 frilled lizards
  2 gnoll zombies (Ossuary)
  6 goblins
  A goblin zombie (Ossuary)
  4 hobgoblin zombies (Ossuary)
  4 kobolds
  3 kobold zombies (Ossuary)
  A leopard gecko skeleton (D:4)
  2 orc zombies (Ossuary)
  8 rats
  A fungus (D:3)
194 creatures vanquished.

Notes
Turn   | Place    | Note
-------+----------+-------------------------------------------
     0 | D:1      | Kloppie the Troll Berserker began the quest for the Orb.
     0 | D:1      | Reached XP level 1. HP: 22/22 MP: 0/0
   129 | D:1      | Reached skill level 3 in Maces & Flails
   129 | D:1      | Reached XP level 2. HP: 18/29 MP: 1/1
   369 | D:1      | Reached ** piety under Trog
   470 | D:1      | Reached XP level 3. HP: 37/37 MP: 2/2
   484 | D:1      | Found a snail-covered altar of Cheibriados.
   486 | D:1      | Found an iron altar of Okawaru.
   486 | D:1      | Found a shimmering altar of Xom.
   488 | D:1      | Found a burning altar of Makhleb.
   488 | D:1      | Found an ancient bone altar of Kikubaaqudgha.
   488 | D:1      | Found a hazy altar of Hepliaklqana.
   799 | D:2      | Reached XP level 4. HP: 45/45 MP: 3/3
   962 | D:2      | Reached skill level 4 in Maces & Flails
   973 | D:2      | Noticed Natasha
   981 | D:2      | Killed Natasha
   984 | D:2      | Reached XP level 5. HP: 30/54 MP: 4/4
  1083 | D:2      | Noticed Natasha
  1089 | D:2      | Killed Natasha
  1933 | D:3      | Reached XP level 6. HP: 58/63 MP: 5/5
  2118 | D:4      | Reached *** piety under Trog
  2123 | D:4      | Reached skill level 5 in Maces & Flails
  2176 | D:4      | Found a staircase to the Ecumenical Temple.
  2265 | D:4      | Reached skill level 5 in Fighting
  2265 | D:4      | Reached XP level 7. HP: 37/72 MP: 6/6
  2471 | D:4      | Found an iron altar of Okawaru.
  3176 | D:5      | Entered Level 5 of the Dungeon
  3225 | D:5      | Reached skill level 6 in Maces & Flails
  3461 | D:5      | Found a sand-covered staircase.
  3508 | Ossuary  | Entered an ossuary
  3573 | Ossuary  | Reached XP level 8. HP: 40/83 MP: 7/7
  3809 | Ossuary  | Reached skill level 7 in Maces & Flails
  4575 | D:6      | Reached **** piety under Trog
  4622 | D:6      | Reached skill level 8 in Maces & Flails
  4688 | D:6      | Found Uleoph's Armour Emporium.
  4707 | D:6      | Reached XP level 9. HP: 93/93 MP: 8/8
  5340 | D:7      | Noticed a hellwing
  5389 | D:6      | Killed a hellwing
  5629 | D:7      | Reached skill level 9 in Maces & Flails
  5652 | D:7      | Noticed a hellwing
  5666 | D:7      | Noticed a cyclops
  5671 | D:7      | Hit by a large rock thrown by a cyclops

Skill      XL: |  1  2  3  4  5  6  7  8  9 |
---------------+----------------------------+-----
Maces & Flails | 3 4 5 6 8 9 |  9.3
Fighting       | 3 4 5 6 7 8 |  8.6
Dodging        | |  2.4

Action                   |  1- 3 |  4- 6 |  7- 9 || total
-------------------------+-------+-------+-------++-------
Melee: Mace              |   128 |     3 |       ||   131
       Flail             |       |   193 |   368 ||   561
Invok: Trog's Hand       |     1 |     3 |     2 ||     6
       Berserk           |     1 |     2 |     5 ||     8
  Use: Scroll            |       |       |    22 ||    22
 Stab: Sleeping          |       |     1 |     2 ||     3
       Distracted        |       |       |     1 ||     1
  Eat: Chunk             |    13 |    19 |    34 ||    66
       Ration            |       |       |     1 ||     1
Armor: Animal skin       |    72 |    61 |   171 ||   304
Dodge: Dodged            |    98 |    99 |   275 ||   472
